EL
TULSA DRILLERS @ HARRISBURG SENATORS
04/10/2044
 
TOP OF THE 1ST
Tulsa Drillers batting - Pitching for Harrisburg Senators : RHP Kalititi Haki
Pitching: RHP Kalititi Haki
Batting: RHB Steve Haskins 0-0: Ball
1-0: Fly out, F8 (Flyball, 8LD, EV 100.6 MPH)
Batting: RHB Jesse White 0-0: Foul Ball, location: 2F
0-1: Ball
1-1: Ball
2-1: Fly out, F9 (Line Drive, 89M, EV 98.1 MPH)
Batting: LHB Nick McGraw 0-0: Foul Ball, location: 2F
0-1: Ball
1-1: Ball
2-1: Foul Ball, location: 2F
2-2: Ball
3-2: Foul Ball, location: 2F
3-2: Foul Ball, location: 2F
3-2: SINGLE (Line Drive, 7S, EV 94.4 MPH)
Batting: RHB Blake Beale 0-0: Swinging Strike
0-1: Ball
1-1: Ball
2-1: Ball
3-1: Foul Ball, location: 2F
3-2: Base on Balls
Nick McGraw to second
Batting: RHB Dave Cordero 0-0: Ball
1-0: Foul Ball, location: 2F
1-1: Ball
2-1: Called Strike
2-2: Ball
3-2: Base on Balls
Nick McGraw to third
Blake Beale to second
Batting: LHB Kevin Wiebe 0-0: Ball
1-0: Ball
2-0: Ball
3-0: Called Strike
3-1: Base on Balls
Nick McGraw scores
Blake Beale to third
Dave Cordero to second
Batting: LHB David McNair 0-0: Ball
1-0: Ball
2-0: Ball
3-0: Base on Balls
Blake Beale scores
Dave Cordero to third
Kevin Wiebe to second
Batting: LHB Miguel Medina 0-0: Ball
1-0: Ball
2-0: Foul Ball, location: 2F
2-1: SINGLE (Groundball, 23, EV 76.3 MPH) (infield hit)
Dave Cordero scores
Kevin Wiebe to third
David McNair to second
Batting: RHB Koen van Oort 0-0: Swinging Strike
0-1: Foul Ball, location: 2F
0-2: Ball
1-2: Strikes out looking
Top of the 1st over - 3 runs, 2 hits, 0 errors, 3 left on base; Tulsa 3 - Harrisburg 0
BOTTOM OF THE 1ST
Harrisburg Senators batting - Pitching for Tulsa Drillers : RHP Juan Isidro
Pitching: RHP Juan Isidro
Batting: RHB Marcus Dawson 0-0: Ball
1-0: Foul Ball, location: 2F
1-1: Ground out 4-3 (Groundball, 4, EV 83.1 MPH)
Batting: RHB Jon Metzler 0-0: Called Strike
0-1: Ground out 6-3 (Groundball, 6, EV 93.1 MPH)
Batting: RHB Deshawn Boseman 0-0: Called Strike
0-1: Called Strike
0-2: Fly out, F9 (Line Drive, 9D, EV 97.5 MPH)
Bottom of the 1st over - 0 runs, 0 hits, 0 errors, 0 left on base; Tulsa 3 - Harrisburg 0
TOP OF THE 2ND
Tulsa Drillers batting - Pitching for Harrisburg Senators : RHP Kalititi Haki
Batting: RHB Steve Haskins 0-0: Called Strike
0-1: Ball
1-1: Called Strike
1-2: Ball
2-2: Ball
3-2: Foul Ball, location: 2F
3-2: SINGLE (Groundball, 34D, EV 98.1 MPH)
Batting: RHB Jesse White 0-0: Called Strike
0-1: Fielders Choice at 2nd, 5-4 (Groundball, 56, EV 93.1 MPH)
Batting: LHB Nick McGraw 0-0: Swinging Strike
0-1: Foul Ball, location: 2F
0-2: Ball
1-2: Foul Ball, location: 2F
1-2: Foul Ball, location: 2F
1-2: Ball
2-2: Foul Ball, location: 2F
2-2: Foul Ball, location: 2F
2-2: Foul Ball, location: 2F
2-2: Fly out, F9 (Flyball, 9LD, EV 96.3 MPH)
Batting: RHB Blake Beale 0-0: Ground out 6-3 (Groundball, 6S, EV 84.4 MPH)
Top of the 2nd over - 0 runs, 1 hit, 0 errors, 1 left on base; Tulsa 3 - Harrisburg 0
BOTTOM OF THE 2ND
Harrisburg Senators batting - Pitching for Tulsa Drillers : RHP Juan Isidro
Batting: LHB Shinji Adachi 0-0: Ball
1-0: Ground out 4-3 (Groundball, 34D, EV 77.5 MPH)
Batting: RHB Juan Taveras 0-0: Ball
1-0: Fly out, F7 (Flyball, 7, EV 95.6 MPH)
Batting: LHB Ben Montgomery 0-0: Called Strike
0-1: Foul Ball, location: 2F
0-2: Ground out 3-1 (Groundball, 34, EV 83.8 MPH)
Bottom of the 2nd over - 0 runs, 0 hits, 0 errors, 0 left on base; Tulsa 3 - Harrisburg 0
TOP OF THE 3RD
Tulsa Drillers batting - Pitching for Harrisburg Senators : RHP Kalititi Haki
Batting: RHB Dave Cordero 0-0: Ball
1-0: Called Strike
1-1: Fly out, F9 (Flyball, 9, EV 86.9 MPH)
Batting: LHB Kevin Wiebe 0-0: Swinging Strike
0-1: Ball
1-1: Foul Ball, location: 2F
1-2: Foul Ball, location: 2F
1-2: Ball
2-2: Foul Ball, location: 2F
2-2: Foul Ball, location: 2F
2-2: Foul Ball, location: 2F
2-2: Foul Ball, location: 2F
2-2: Ground out 4-3 (Groundball, 4, EV 103.1 MPH)
Batting: LHB David McNair 0-0: Ball
1-0: Called Strike
1-1: Foul Ball, location: 2F
1-2: Fly out, F7 (Flyball, 7LS, EV 81.9 MPH)
Top of the 3rd over - 0 runs, 0 hits, 0 errors, 0 left on base; Tulsa 3 - Harrisburg 0
BOTTOM OF THE 3RD
Harrisburg Senators batting - Pitching for Tulsa Drillers : RHP Juan Isidro
Batting: RHB Brennan Cameron 0-0: Ball
1-0: Ball
2-0: Ball
3-0: Base on Balls
Batting: LHB Diego Muniz 0-0: Ball
1-0: Foul Ball, location: 2F
1-1: Called Strike
1-2: Foul Ball, location: 2F
1-2: Strikes out swinging
Batting: RHB Haykuhi Kagramanian 0-0: Ball
1-0: Ball
2-0: Ball
3-0: Base on Balls
Brennan Cameron to second
Batting: RHB Marcus Dawson 0-0: Called Strike
0-1: Fly out, F8 (Line Drive, 8LD, EV 93.8 MPH)
Batting: RHB Jon Metzler 0-0: Ball
1-0: Foul Ball, location: 2F
1-1: Ball
2-1: Foul Ball, location: 2F
2-2: Ball
3-2: 3-RUN HOME RUN (Flyball, 7D, EV 100.6 MPH), Distance : 378 ft
Batting: RHB Deshawn Boseman 0-0: Ball
1-0: Fly out, F8 (Line Drive, 8RM, EV 86.3 MPH)
Bottom of the 3rd over - 3 runs, 1 hit, 0 errors, 0 left on base; Tulsa 3 - Harrisburg 3
TOP OF THE 4TH
Tulsa Drillers batting - Pitching for Harrisburg Senators : RHP Kalititi Haki
Batting: LHB Miguel Medina 0-0: Ball
1-0: Ball
2-0: SINGLE (Groundball, 4D, EV 96.3 MPH)
Batting: RHB Koen van Oort 0-0: Ball
1-0: SINGLE (Line Drive, 34, EV 108.8 MPH)
Miguel Medina to second
Runner from 2nd tries for 3rd, SAFE, throw by RF made to third
Batting: RHB Steve Haskins 0-0: Ball
1-0: Swinging Strike
1-1: Ball
2-1: Swinging Strike
2-2: Foul Ball, location: 2F
2-2: Fly out, F7 (Flyball, 78S, EV 90.0 MPH)
Batting: RHB Jesse White 0-0: Ball
1-0: Foul Ball, location: 2F
1-1: Swinging Strike
1-2: Ball
2-2: SINGLE (Line Drive, 8LS, EV 95.0 MPH)
Miguel Medina scores
Koen van Oort to second
Runner from 2nd tries for 3rd, OUT! 8-5
Pitching: RHP Danny Hoekenga
Batting: LHB Nick McGraw 0-0: Ball
1-0: Fly out, F9 (Flyball, 9LM, EV 91.9 MPH)
Top of the 4th over - 1 run, 3 hits, 0 errors, 1 left on base; Tulsa 4 - Harrisburg 3
BOTTOM OF THE 4TH
Harrisburg Senators batting - Pitching for Tulsa Drillers : RHP Juan Isidro
Batting: LHB Shinji Adachi 0-0: Foul Ball, location: 2F
0-1: Ball
1-1: Ball
2-1: Ball
3-1: Ground out 4-3 (Groundball, 4, EV 100.0 MPH)
Batting: RHB Juan Taveras 0-0: Ball
1-0: Foul Ball, location: 2F
1-1: Ball
2-1: Ball
3-1: SINGLE (Line Drive, 8RM, EV 89.4 MPH)
Batting: LHB Ben Montgomery 0-0: Called Strike
0-1: Swinging Strike
0-2: Foul Ball, location: 2F
0-2: Ball
1-2: Strikes out swinging
Batting: RHB Brennan Cameron 0-0: Ball
1-0: Foul Ball, location: 2F
1-1: Foul Ball, location: 2F
1-2: SINGLE (Line Drive, 5D, EV 103.1 MPH)
Juan Taveras to second
Batting: LHB Diego Muniz 0-0: DOUBLE (Line Drive, 8RXD, EV 101.3 MPH)
Juan Taveras scores
Brennan Cameron to third
Batting: RHB Haykuhi Kagramanian 0-0: Ball
1-0: Swinging Strike
1-1: Called Strike
1-2: Fly out, F7 (Flyball, 78S, EV 86.9 MPH)
Bottom of the 4th over - 1 run, 3 hits, 0 errors, 2 left on base; Tulsa 4 - Harrisburg 4
TOP OF THE 5TH
Tulsa Drillers batting - Pitching for Harrisburg Senators : RHP Danny Hoekenga
Batting: RHB Blake Beale 0-0: Foul Ball, location: 2F
0-1: Ball
1-1: SINGLE (Line Drive, 5D, EV 101.9 MPH)
Batting: RHB Dave Cordero 0-0: Called Strike
0-1: TRIPLE (Flyball, 9LD, EV 93.8 MPH)
Blake Beale scores
Batting: LHB Kevin Wiebe 0-0: Ball
1-0: Called Strike
1-1: Swinging Strike
1-2: Foul Ball, location: 2F
1-2: Strikes out swinging
Batting: LHB David McNair 0-0: Ball
1-0: DOUBLE (Line Drive, 7LS, EV 90.0 MPH)
Dave Cordero scores
Batting: LHB Miguel Medina 0-0: Called Strike
0-1: Ball
1-1: Foul Ball, location: 2F
1-2: Ball
2-2: Fly out, F8 (Flyball, 8LS, EV 87.5 MPH)
Batting: RHB Koen van Oort 0-0: Ball
1-0: Ground out 6-3 (Groundball, 4MD, EV 83.8 MPH)
Top of the 5th over - 2 runs, 3 hits, 0 errors, 1 left on base; Tulsa 6 - Harrisburg 4
BOTTOM OF THE 5TH
Harrisburg Senators batting - Pitching for Tulsa Drillers : RHP Juan Isidro
Batting: RHB Marcus Dawson 0-0: Foul Ball, location: 2F
0-1: Ball
1-1: DOUBLE (Line Drive, 89D, EV 106.3 MPH)
Batting: RHB Jon Metzler 0-0: Swinging Strike
0-1: Ball
1-1: Ball
2-1: Ball
3-1: Base on Balls
Batting: RHB Deshawn Boseman 0-0: Fielders Choice at 2nd, 6-4 (Groundball, 56, EV 85.6 MPH)
Marcus Dawson to third
Batting: LHB Shinji Adachi 0-0: Ball
1-0: Ball
2-0: Ball
3-0: Base on Balls
Deshawn Boseman to second
Batting: RHB Juan Taveras 0-0: Ball
1-0: Called Strike
1-1: SINGLE (Line Drive, 78M, EV 109.4 MPH)
Marcus Dawson scores
Deshawn Boseman to third
Shinji Adachi to second
Throwing error, E7
Deshawn Boseman scores
Shinji Adachi to third
Juan Taveras to second
Pitching: RHP Nate Allen
Batting: LHB Ben Montgomery 0-0: Called Strike
0-1: Ball
1-1: Called Strike
1-2: Ball
2-2: Strikes out swinging
Batting: RHB Brennan Cameron 0-0: Called Strike
0-1: Ground out 6-3 (Groundball, 56, EV 100.0 MPH)
Bottom of the 5th over - 2 runs, 2 hits, 1 error, 2 left on base; Tulsa 6 - Harrisburg 6
TOP OF THE 6TH
Tulsa Drillers batting - Pitching for Harrisburg Senators : RHP Danny Hoekenga
Batting: RHB Steve Haskins 0-0: Swinging Strike
0-1: Ball
1-1: Foul Ball, location: 2F
1-2: Strikes out swinging
Pitching: RHP Fernando Fierros
Batting: RHB Jesse White 0-0: Foul Ball, location: 2F
0-1: Ball
1-1: Ball
2-1: SINGLE (Line Drive, 8RM, EV 103.8 MPH)
Batting: LHB Nick McGraw 0-0: Called Strike
0-1: Ball
1-1: Fly out, F7 (Flyball, 7LS, EV 91.3 MPH)
Batting: RHB Blake Beale 0-0: Ball
1-0: Called Strike
1-1: Ball
2-1: SINGLE (Line Drive, 89M, EV 109.4 MPH)
Jesse White to second
Batting: RHB Dave Cordero 0-0: Ball
1-0: Fielders Choice at 2nd, 6-4 (Groundball, 6, EV 105.6 MPH)
Top of the 6th over - 0 runs, 2 hits, 0 errors, 2 left on base; Tulsa 6 - Harrisburg 6
BOTTOM OF THE 6TH
Harrisburg Senators batting - Pitching for Tulsa Drillers : RHP Nate Allen
Batting: LHB Diego Muniz 0-0: Called Strike
0-1: Ball
1-1: Foul Ball, location: 2F
1-2: Strikes out swinging
Batting: RHB Haykuhi Kagramanian 0-0: Ball
1-0: Ball
2-0: Called Strike
2-1: Ground out 6-3 (Groundball, 6, EV 85.0 MPH)
Batting: RHB Marcus Dawson 0-0: Ball
1-0: Swinging Strike
1-1: Foul Ball, location: 2F
1-2: SINGLE (Groundball, 6M, EV 97.5 MPH)
Batting: RHB Jon Metzler 0-0: Ball
Marcus Dawson is caught stealing 2nd base 2-4
Bottom of the 6th over - 0 runs, 1 hit, 0 errors, 0 left on base; Tulsa 6 - Harrisburg 6
TOP OF THE 7TH
Tulsa Drillers batting - Pitching for Harrisburg Senators : RHP Fernando Fierros
Batting: LHB Kevin Wiebe 0-0: Called Strike
0-1: Foul Ball, location: 2F
0-2: Fly out, F4 (Flyball, 34D, EV 91.9 MPH)
Batting: LHB David McNair 0-0: Ball
1-0: Foul Ball, location: 2F
1-1: Swinging Strike
1-2: Ball
2-2: Strikes out looking
Pitching: RHP Allen Downing
Batting: LHB Miguel Medina 0-0: Ball
1-0: Foul Ball, location: 2F
1-1: Ball
2-1: Ball
3-1: Foul Ball, location: 2F
3-2: Foul Ball, location: 2F
3-2: Strikes out swinging
Top of the 7th over - 0 runs, 0 hits, 0 errors, 0 left on base; Tulsa 6 - Harrisburg 6
BOTTOM OF THE 7TH
Harrisburg Senators batting - Pitching for Tulsa Drillers : RHP Nate Allen
Batting: RHB Jon Metzler 0-0: Ball
1-0: Foul Ball, location: 2F
1-1: Ball
2-1: Fly out, F7 (Flyball, 78M, EV 83.8 MPH)
Batting: RHB Deshawn Boseman 0-0: Foul Ball, location: 2F
0-1: Foul Ball, location: 2F
0-2: Foul Ball, location: 2F
0-2: Ball
1-2: Ball
2-2: Strikes out swinging
Batting: LHB Shinji Adachi 0-0: Fly out, F8 (Flyball, 8RXD, EV 105.0 MPH)
Bottom of the 7th over - 0 runs, 0 hits, 0 errors, 0 left on base; Tulsa 6 - Harrisburg 6
TOP OF THE 8TH
Tulsa Drillers batting - Pitching for Harrisburg Senators : RHP Allen Downing
Batting: RHB Koen van Oort 0-0: Called Strike
0-1: Swinging Strike
0-2: Foul Ball, location: 2F
0-2: Ball
1-2: Strikes out swinging
Batting: RHB Steve Haskins 0-0: Called Strike
0-1: DOUBLE (Line Drive, 7LS, EV 96.9 MPH)
Batting: RHB Jesse White 0-0: Ball
Steve Haskins steals 3rd base
1-0: DOUBLE (Flyball, 89XD, EV 102.5 MPH)
Steve Haskins scores
Batting: LHB Nick McGraw 0-0: Intentional Walk
Batting: RHB Blake Beale 0-0: Fly out, F7 (Flyball, 78M, EV 89.4 MPH)
Batting: RHB Dave Cordero 0-0: Called Strike
0-1: Foul Ball, location: 2F
0-2: Strikes out swinging
Top of the 8th over - 1 run, 2 hits, 0 errors, 2 left on base; Tulsa 7 - Harrisburg 6
BOTTOM OF THE 8TH
Harrisburg Senators batting - Pitching for Tulsa Drillers : RHP Nate Allen
Pitching: RHP Russell Rider
Batting: RHB Juan Taveras 0-0: Ball
1-0: Ball
2-0: Ball
3-0: Base on Balls
Batting: LHB Ben Montgomery 0-0: Sac Bunt to 3S - play at first, batter OUT! 3-4
Juan Taveras to second
Batting: RHB Brennan Cameron 0-0: Swinging Strike
0-1: Ball
1-1: Ball
2-1: Foul Ball, location: 2F
2-2: Foul Ball, location: 2F
2-2: Strikes out looking
Pitching: RHP Jon Harris
Batting: LHB Diego Muniz 0-0: Ball
1-0: Ball
2-0: Foul Ball, location: 2F
2-1: Ball
3-1: Called Strike
3-2: Ground out 5-3 (Groundball, 6S, EV 68.8 MPH)
Bottom of the 8th over - 0 runs, 0 hits, 0 errors, 1 left on base; Tulsa 7 - Harrisburg 6
TOP OF THE 9TH
Tulsa Drillers batting - Pitching for Harrisburg Senators : RHP Allen Downing
Pitching: RHP Ramon Rodriguez
Batting: LHB Kevin Wiebe 0-0: Ball
1-0: Ball
2-0: Foul Ball, location: 2F
2-1: Ball
3-1: Base on Balls
Batting: LHB David McNair 0-0: Fly out, F8 (Flyball, 8RD, EV 86.9 MPH)
Batting: LHB Miguel Medina 0-0: Called Strike
0-1: Ball
1-1: Called Strike
1-2: Ball
2-2: Ball
3-2: Foul Ball, location: 2F
3-2: Foul Ball, location: 2F
3-2: Foul Ball, location: 2F
3-2: Fly out, F3 (Line Drive, 3, EV 73.1 MPH)
Lined into DP, U3 (Line Drive, 3, EV 68.8 MPH)
Top of the 9th over - 0 runs, 0 hits, 0 errors, 0 left on base; Tulsa 7 - Harrisburg 6
BOTTOM OF THE 9TH
Harrisburg Senators batting - Pitching for Tulsa Drillers : RHP Jon Harris
Pinch Hitting: LHB Adam Jacobs 0-0: DOUBLE (Line Drive, 5D, EV 105.6 MPH)
Batting: RHB Marcus Dawson 0-0: Called Strike
0-1: Swinging Strike
0-2: DOUBLE (Groundball, 3L, EV 104.4 MPH)
Adam Jacobs scores
Batting: RHB Jon Metzler 0-0: Called Strike
0-1: Ball
1-1: Foul Ball, location: 2F
1-2: Foul Ball, location: 2F
Balk!
Marcus Dawson to third
1-2: Ball
2-2: Ball
3-2: Strikes out swinging
Batting: RHB Deshawn Boseman 0-0: Called Strike
0-1: Fly out, F7 (Flyball, 7D, EV 88.8 MPH)
Runner from 3rd tags up, SCORES, no throw by LF
Bottom of the 9th over - 2 runs, 2 hits, 0 errors, 0 left on base; Tulsa 7 - Harrisburg 8
Game Over ... Harrisburg defeats Tulsa, 8 to 7
Thursday, March 31st , 2022 - OOTP Baseball 22.12 Build 89